 Dungeon Crawl Stone Soup version 0.20-a0-751-g905781e (webtiles) character file.

10320 Laan the Destroyer (level 11, -21/54 HPs)
             Began as a Gargoyle Fire Elementalist on Feb 25, 2017.
             Was a Priest of Vehumet.
             Demolished by Rupert
             ... wielding a +3 great sword of flaming
              (32 damage)
             ... on level 3 of the Lair of Beasts.
             The game lasted 00:38:20 (13367 turns).

Laan the Destroyer (Gargoyle Fire Elementalist)    Turns: 13367, Time: 00:38:20

Health: -21/54     AC: 11    Str: 12    XL:     11   Next: 60%
Magic:  24/24      EV: 12    Int: 19    God:    Vehumet [***...]
Gold:   413        SH:  0    Dex: 10    Spells: 14/29 levels left

rFire    . . .     SeeInvis .   b - +0 hand axe (elec)
rCold    . . .     Gourm    .   C - +0 robe
rNeg     + . .     Faith    .   (no shield)
rPois    ∞         Spirit   .   G - +0 helmet
rElec    +         Reflect  .   (no cloak)
rCorr    .         Harm     .   t - +0 pair of gloves
MR       +....                  (no boots)
Stlth    ++........             i - amulet of regeneration
Regen    0.6/turn               N - ring of protection from magic
MPRegen  0.2/turn               B - ring of flight

@: no status effects
A: negative energy resistance 1, electricity resistance, unbreathing,
petrification resistance, rot immunity, AC +7
a: Renounce Religion, Evoke Flight


You were on level 3 of the Lair of Beasts.
You worshipped Vehumet.
Vehumet was most pleased with you.
You were not hungry.

You visited 3 branches of the dungeon, and saw 13 of its levels.

You collected 413 gold pieces.

Inventory:

Hand Weapons
 b - a +0 hand axe of electrocution (weapon)
 w - the +4 Vampire's Tooth {vamp}
   (You found it on level 4 of the Dungeon)

   It inflicts no extra harm, but heals its wielder when it wounds a living foe.
Armour
 t - a +0 pair of gloves (worn)
 C - a +0 robe (worn)
 G - a +0 helmet (worn)
Magical Staves
 a - an uncursed staff of energy
Jewellery
 i - an amulet of regeneration (around neck)
 B - a ring of flight (left hand)
 N - a ring of protection from magic (right hand)
Wands
 F - a wand of disintegration (0/24)
 H - a wand of random effects (16/48)
 K - a wand of random effects (20/48)
Scrolls
 g - 8 scrolls of identify
 m - 2 scrolls of recharging {unknown}
 n - 2 scrolls of noise {unknown}
 o - a scroll of amnesia {unknown}
 q - a scroll of random uselessness {unknown}
 u - a scroll of blinking {unknown}
 v - 5 scrolls of fog
 x - a scroll of magic mapping {unknown}
 y - a scroll of fear
 D - a scroll of immolation {unknown}
 E - 3 scrolls of teleportation {unknown}
 I - a scroll of enchant weapon {unknown}
 J - 2 scrolls of enchant armour {unknown}
Potions
 d - 2 potions of curing
 e - 2 potions of agility {unknown}
 h - 4 potions of heal wounds {unknown}
 j - 2 potions of lignification {unknown}
 p - 2 potions of brilliance {unknown}
 r - 3 potions of invisibility {unknown}
 z - a potion of might {unknown}
 A - a potion of berserk rage
 L - a potion of haste {unknown}
Books
 k - a book of Flames

   Spells                             Type                      Level
   a - Flame Tongue                   Conjuration/Fire             1
   b - Throw Flame                    Conjuration/Fire             2
   c - Conjure Flame                  Conjuration/Fire             3
   d - Inner Flame                    Hexes/Fire                   3
   e - Sticky Flame                   Conjuration/Fire             4
   f - Fireball                       Conjuration/Fire             5
Comestibles
 c - 6 bread rations
 f - 4 royal jellies
 l - 2 fruits
 s - 4 meat rations
 M - a chunk of flesh


   Skills:
 - Level 1.5 Dodging
 - Level 2.1 Stealth
 + Level 9.6 Spellcasting
 + Level 11.8 Conjurations
 - Level 10.4 Fire Magic


You had 14 spell levels left.
You knew the following spells:

 Your Spells              Type           Power        Failure   Level  Hunger
a - Flame Tongue          Conj/Fire      #####        1%          1    None
b - Conjure Flame         Conj/Fire      ######..     1%          3    None
c - Sticky Flame          Conj/Fire      ######..     1%          4    ###....
d - Fireball              Conj/Fire      ######....   1%          5    #####..
e - Searing Ray           Conj           ######       1%          2    None


Dungeon Overview and Level Annotations

Branches:
Dungeon (8/15)             Temple (1/1) D:6            Lair (4/6) D:8
  Swamp: Lair:2-4    Shoals: Lair:2-4     Snake: Lair:2-4    Spider: Lair:2-4

Altars:
Cheibriados
Dithmenos
Elyvilon
Fedhas
Gozag
Kikubaaqudgha
Makhleb
Nemelex Xobeh
Okawaru
Qazlal
Ru
Sif Muna
Uskayaw
Vehumet
Xom
Yredelemnul
Zin
The Shining One

Shops:
D:7 [

Portals:
Ice
Cave: Lair:3

Annotations:
D:3 exclusion: oklob plant
Lair:3 Rupert


Innate Abilities, Weirdness & Mutations

You are resistant to torment.
Your stone body is resilient. (AC +7)
You are immune to poison.
You resist negative energy. (rN+)
You are resistant to electric shocks. (rElec)
You can survive without breathing.
You are immune to petrification.
You are immune to rotting.


Message History

You feel less confused.
As you read the scroll labeled CUXZUS BEONEI, it crumbles to dust.
The scroll dissolves into smoke.
It was a scroll of fog.
Rupert roars madly and goes into a rage!
Rupert goes berserk!
You hear the crackling of a melting archway nearby.
Rupert hits you with a great sword of flaming!!
Ouch! That really hurt!
* * * LOW HITPOINT WARNING * * *
Rupert burns you.
* * * LOW HITPOINT WARNING * * *
Okay, then.
Unknown command.
Okay, then.
Unknown command.
As you read the scroll labeled AMPYNLOSIG, it crumbles to dust.
You assume a fearsome visage.
It was a scroll of fear.
Rupert hits you with a great sword of flaming!!
Ouch! That really hurt!
You die...

................ .
.................. ..
........#.........##.. ....
...........#..#..P#........
............#........P.P...
........§§§...........PPP..
#.....§§§.......∩....P.≈≈
.##.#..§§§§§..........P#.#≈
.......§§@@§§............##
#.###..§§§§§§....P.....P...
##..##§§###........<...
#####..###..#.≈≈≈.....
#..##.....≈≈≈.....
#.........≈≈≈.....
#######.#.........
######..#..# #######


You could see Rupert (berserk).

Vanquished Creatures
  A catoblepas (Lair:2)
  A two-headed ogre (D:8)
  An oklob plant (Lair:1)
  Maurice (D:8)
  5 spiny frogs
  A rime drake (Lair:4)
  A komodo dragon (Lair:2)
  2 hippogriffs
  3 water moccasins
  6 porcupines
  2 orc warriors
  A phantom (D:5)
  10 ice beasts
  A necrophage (D:7)
  A sky beast (D:7)
  2 ogres
  A centaur (D:7)
  6 wolves
  5 crocodiles
  2 big kobolds
  A gnoll sergeant (D:7)
  11 bullfrogs
  3 scorpions
  11 wights
  2 howler monkeys
  2 vampire bats (D:4)
  3 crimson imps
  A bullfrog zombie (D:5)
  A centaur zombie (D:5)
  5 orc priests
  2 hounds
  An iguana (D:4)
  3 orc wizards
  5 worker ants
  A hound zombie (D:6)
  A mummy (D:8)
  10 adders
  15 gnolls
  A shadow imp (D:5)
  2 adder zombies (D:7)
  2 adder skeletons
  11 worms
  A dart slug (D:2)
  5 leopard geckos
  15 orcs
  13 bats
  8 giant cockroaches
  4 goblins
  12 hobgoblins
  3 jackals (D:3)
  21 kobolds
  8 quokkas
  5 frilled lizards
  2 hobgoblin zombies (D:8)
  A jackal skeleton (D:5)
  A quokka zombie (D:5)
  14 rats
260 creatures vanquished.

Vanquished Creatures (others)
  A fungus (Lair:2)
  13 toadstools (D:3)
14 creatures vanquished.

Grand Total: 274 creatures vanquished

Notes
Turn   | Place    | Note
-------+----------+-------------------------------------------
     0 | D:1      | Laan the Gargoyle Fire Elementalist began the quest for the Orb.
     0 | D:1      | Reached XP level 1. HP: 10/10 MP: 3/3
   279 | D:1      | Reached XP level 2. HP: 15/15 MP: 0/5
   733 | D:1      | Reached skill level 2 in Conjurations
   933 | D:1      | Reached XP level 3. HP: 19/19 MP: 4/6
  2209 | D:2      | Reached XP level 4. HP: 24/24 MP: 4/7
  2263 | D:2      | Reached skill level 3 in Conjurations
  2338 | D:2      | Learned a level 3 spell: Conjure Flame
  3056 | D:2      | HP: 1/24 [gnoll/spear (10)]
  3070 | D:2      | Reached XP level 5. HP: 28/28 MP: 0/8
  3267 | D:2      | Learned a level 4 spell: Sticky Flame
  3449 | D:3      | Noticed a big kobold
  3523 | D:2      | Killed a big kobold
  3523 | D:2      | Reached skill level 4 in Conjurations
  3667 | D:3      | Found a glowing silver altar of Zin.
  3708 | D:3      | Reached XP level 6. HP: 32/32 MP: 5/9
  4058 | D:3      | Reached skill level 5 in Fire Magic
  4299 | D:3      | Found a blossoming altar of Fedhas.
  4321 | D:3      | Noticed an oklob plant
  5628 | D:4      | Reached XP level 7. HP: 33/36 MP: 11/11
  5676 | D:4      | Reached skill level 5 in Conjurations
  5874 | D:5      | Entered Level 5 of the Dungeon
  6252 | D:5      | Reached skill level 6 in Conjurations
  6252 | D:5      | Reached XP level 8. HP: 41/41 MP: 5/14
  6706 | D:6      | Found a staircase to the Ecumenical Temple.
  6731 | Temple   | Entered the Ecumenical Temple
  6768 | Temple   | Became a worshipper of Vehumet
  7096 | D:6      | Found a shimmering altar of Xom.
  7107 | D:6      | Learned a level 5 spell: Fireball
  7132 | D:6      | Reached skill level 5 in Spellcasting
  7211 | D:6      | Found a shimmering altar of Xom.
  7211 | D:6      | Found a shimmering altar of Xom.
  7212 | D:6      | Found a shimmering altar of Xom.
  7220 | D:6      | Found a shimmering altar of Xom.
  7221 | D:6      | Found a shimmering altar of Xom.
  7222 | D:6      | Found a shimmering altar of Xom.
  7470 | D:7      | Reached skill level 7 in Conjurations
  7889 | D:7      | Reached XP level 9. HP: 45/45 MP: 5/17
  8054 | D:7      | Reached * piety under Vehumet
  8054 | D:7      | Offered knowledge of Sandblast by Vehumet.
  8168 | D:7      | Found Xampem Koso's Armour Shop.
  8690 | D:7      | Reached skill level 8 in Conjurations
  9106 | D:8      | Noticed Maurice
  9123 | D:8      | Killed Maurice
  9421 | D:7      | Offered knowledge of Searing Ray by Vehumet.
  9432 | D:7      | Reached ** piety under Vehumet
  9564 | D:8      | Found a staircase to the Lair.
  9591 | D:8      | Reached skill level 9 in Conjurations
  9831 | D:8      | Reached XP level 10. HP: 50/50 MP: 13/20
 10049 | D:8      | Noticed a two-headed ogre
 10059 | D:8      | Killed a two-headed ogre
 10572 | D:8      | Learned a level 2 spell: Searing Ray
 10651 | Lair:1   | Entered Level 1 of the Lair of Beasts
 10651 | Lair:1   | Noticed an oklob plant
 10836 | Lair:1   | Offered knowledge of Ignite Poison by Vehumet.
 11047 | Lair:1   | Reached skill level 10 in Conjurations
 11091 | Lair:1   | Noticed a spiny frog
 11098 | Lair:1   | Killed a spiny frog
 11727 | Lair:1   | Noticed a spiny frog
 11732 | Lair:1   | Killed a spiny frog
 11978 | Lair:1   | Killed an oklob plant
 11978 | Lair:1   | Reached skill level 10 in Fire Magic
 12137 | Lair:2   | Reached XP level 11. HP: 54/54 MP: 8/23
 12273 | Lair:2   | Reached *** piety under Vehumet
 12396 | Lair:2   | Noticed a catoblepas
 12409 | Lair:2   | Killed a catoblepas
 12409 | Lair:2   | Reached skill level 11 in Conjurations
 12822 | Lair:2   | You fall through a shaft for 2 floors!
 13163 | Lair:3   | Offered knowledge of Fulminant Prism by Vehumet.
 13308 | Lair:3   | Found a frozen archway.
 13355 | Lair:3   | Noticed Rupert
 13367 | Lair:3   | Demolished by Rupert

Vault maps used:
D:1:      dpeg_arrival_tiny_f
D:2:      first_bread, serial_forest, infiniplex_forest_lined_room_,
          infiniplex_forest_3_way, infiniplex_forest_zigzag_1,
          infiniplex_forest_3_way, infiniplex_forest_corner_1,
          grunt_ministairs_12, st_stairs_8
D:3:      cheibrodos_thug_alley, overflow_temple_1_default, st_stairs_2,
          tgw_fedhas
D:4:      minmay_guarded_unrand_vampires_tooth
D:6:      minmay_temple_entry_glassed_door, xom_redecorated
D:7:      serial_shops, kennysheep_mini_moat, st_stairs_7
D:8:      lair_entry_dummy, nicolae_ossuary_entry_giza, uniq_maurice
Temple:   compressed_dpeg_triangle_lava_temple
Lair:1:   dpeg_stationary_puzzle
Lair:2:   beast_lair_carwin_3
Lair:3:   minmay_swamp_entry_worms, portal_ice_cave_entry_ice_beasts,
          serial_bayou_shore_a, lemuel_fruit_tree, infiniplex_staircase_pool,
          uniq_rupert
Lair:4:   guppyfry_snake_entry_island, grunt_megastairs_2

Skill      XL: |  1  2  3  4  5  6  7  8  9 10 11 |
---------------+----------------------------------+-----
Conjurations   | 2 3 4 6 7 9 10 11 | 11.8
Fire Magic     | 4 5 6 7 8 10 | 10.4
Spellcasting   | 3 4 5 7 8 9 |  9.6
Dodging        | |  1.5
Stealth        | |  2.1

Action                   |  1- 3 |  4- 6 |  7- 9 | 10-12 || total
-------------------------+-------+-------+-------+-------++-------
Melee: Unarmed           |    30 |     2 |       |       ||    32
       Hand axe          |       |   107 |    65 |    29 ||   201
       Staff             |       |       |     5 |     1 ||     6
 Cast: Flame Tongue      |    84 |   104 |   229 |   124 ||   541
       Sticky Flame      |       |     1 |    15 |    30 ||    46
       Conjure Flame     |       |       |    10 |     4 ||    14
       Fireball          |       |       |     3 |    14 ||    17
       Searing Ray       |       |       |       |     1 ||     1
Evoke: Wand              |       |       |     8 |       ||     8
  Use: Scroll            |     1 |     1 |       |     2 ||     4
       Potion            |       |     3 |       |       ||     3
 Stab: Sleeping          |       |     3 |     3 |       ||     6
  Eat: Chunk             |     6 |    11 |    14 |     5 ||    36
       Fruit             |       |       |       |    12 ||    12
Armor: Robe              |    16 |    64 |    68 |    35 ||   183
Dodge: Dodged            |    24 |    92 |   113 |    46 ||   275
